Map: Eternal Empire LE

Players

Future

  • Race: Terran Terran
  • Spawn Location: 7:00

Reynor - Winner!

  • Race: Zerg Zerg
  • Spawn Location: 1:00

Event: StayAtHomestory Cup #2

VOD

Have the link to the VOD?

Description

Time

  • Played on: June 11, 2020, 12:07 p.m.
  • Length: 16:17

All games in this series

Show
View Real Time Build Order
Export as new Build Order

Future Terran 

Build Orders: Reaper Expand 

Get SALT Encoding   

  12  0:01  SCV  
  13  0:13  SCV  
  14  0:17  Supply Depot  
  14  0:25  SCV  
  15  0:39  SCV  
  15  0:40  Barracks  
  16  0:43  Refinery  
  16  0:51  SCV  
  17  1:03  SCV  
  18  1:15  SCV  
  19  1:27  Reaper, Orbital Command  
  20  1:39  Command Center  
  20  1:48  Supply Depot  
  20  1:53  SCV  
  21  1:58  Marine  
  22  2:05  SCV  
  22  2:08  Factory  
  23  2:17  SCV  
  25  2:25  Barracks Reactor  
  25  2:29  SCV  
  25  2:37  Command Center  
  25  2:42  SCV  
  26  2:52  Orbital Command  
  26  2:54  SCV  
  27  3:05  Hellion x2  
  31  3:06  SCV  
  31  3:08  Barracks Tech Lab  
  32  3:13  Barracks  
  32  3:18  SCV x2  
  34  3:26  Stimpack, Marine  
  35  3:30  SCV x2  
  37  3:35  Barracks  
  37  3:38  Refinery  
  37  3:41  Factory Reactor  
  37  3:42  SCV x2  
  37  3:44  Marine  
  40  3:50  Refinery  
  40  3:52  Orbital Command  
  40  3:54  SCV x2  
  42  4:06  SCV x2, Engineering Bay  
  42  4:07  Engineering Bay  
  44  4:12  Marine  
  44  4:15  Marine x2  
  47  4:17  Orbital Command  
  47  4:19  SCV x2  
  49  4:25  Supply Depot, Starport  
  49  4:31  SCV x2  
  49  4:34  Terran Infantry Weapons Level 1, Terran Infantry Armor Level 1  
  51  4:38  Factory Reactor  
  51  4:40  Marine x3  
  51  4:42  Marine  
  51  4:43  Marine  
  56  4:46  SCV x2  
  56  4:47  SCV  
  56  4:51  Supply Depot  
  58  4:58  SCV x2, Supply Depot  
  58  4:59  SCV  
  61  5:04  Refinery  
  61  5:05  Marine x2  
  61  5:06  Marine x3  
  66  5:10  SCV x2  
  68  5:15  Combat Shield  
  68  5:18  Supply Depot  
  68  5:19  SCV  
  68  5:20  Medivac  
  71  5:21  Medivac  
  71  5:22  SCV  
  71  5:23  SCV  
  71  5:26  Supply Depot  
  75  5:29  Factory Tech Lab  
  75  5:31  SCV  
  75  5:33  Marine x3  
  75  5:34  SCV, Marine  
  75  5:35  SCV  
  82  5:37  Marine  
  83  5:43  SCV  
  83  5:46  Supply Depot  
  83  5:47  SCV x2, Supply Depot  
  86  5:50  Armory  
  86  5:52  Medivac x2  
  86  5:55  SCV  
  86  5:56  Marine x3  
  94  5:59  SCV  
  94  6:00  SCV  
  94  6:01  Marine x2  
  98  6:05  Refinery  
  98  6:07  SCV  
  98  6:11  SCV  
  100  6:12  Supply Depot  
  100  6:13  SCV  
  100  6:15  Supply Depot, Refinery  
  99  6:20  SCV, Marine x4  
  99  6:21  Marine  
  99  6:22  Siege Tank  
  99  6:23  SCV  
  104  6:25  SCV  
  104  6:32  SCV  
  98  6:35  SCV  
  98  6:37  SCV  
  100  6:41  Barracks  
  100  6:42  Barracks  
  100  6:44  SCV, Marine x5  
  106  6:47  SCV  
  106  6:49  SCV  
  106  6:50  Terran Infantry Weapons Level 2  
  108  6:59  Terran Infantry Armor Level 2  
  108  7:01  Siege Tank  
  111  7:03  SCV x3  
  114  7:14  Supply Depot  
  114  7:15  SCV x2, Marine  
  115  7:16  Marine x4  
  115  7:17  Supply Depot  
  115  7:20  Medivac x2  
  124  7:28  Supply Depot  
  124  7:29  Supply Depot  
  124  7:31  SCV x3  
  124  7:33  Siege Tank  
  124  7:37  Barracks Reactor x2  
  130  7:38  Marine  
  125  7:45  SCV x3  
  125  7:50  Medivac x2, Marine x4  
  136  7:55  Marine  
  136  7:57  SCV  
  137  8:05  Siege Tank  
  140  8:07  Marine  
  140  8:08  Marine x3  
  141  8:13  Command Center, Marine  
  141  8:18  Marine  
  141  8:19  Marine x3  
  146  8:23  Factory  
  146  8:25  Marine x2  
  148  8:28  Marine x2  
  148  8:31  Marine  
  151  8:36  Marine x4  
  152  8:42  SCV x2, Supply Depot  
  152  8:43  Marine  
  152  8:45  Supply Depot, Siege Tank  
  158  8:51  Marine x4  
  158  8:54  Medivac, Marine  
  165  8:57  Marine  
  165  9:03  Marine  
  165  9:04  Medivac, Marine x2  
  165  9:06  Supply Depot x2  
  165  9:08  Marine, Factory Tech Lab  
  171  9:10  Terran Vehicle Weapons Level 1  
  171  9:12  Marine  
  162  9:23  Marine x7  
  144  9:29  Barracks  
  144  9:30  Barracks, Siege Tank  
  144  9:31  Barracks  
  147  9:40  Siege Tank  
  147  9:41  Marine  
  151  9:46  SCV x3  
  151  9:49  Sensor Tower  
  151  9:50  Marine  
  151  9:51  Marine x7  
  162  9:59  Marine  
  163  10:03  Terran Infantry Weapons Level 3  
  163  10:08  Planetary Fortress  
  163  10:13  Siege Tank  
  166  10:16  Siege Tank  
  169  10:21  Sensor Tower  
  169  10:22  Missile Turret  
  169  10:23  Medivac x2  
  173  10:29  SCV  
  173  10:30  SCV x2  
  173  10:35  Marine x2  
  176  10:36  Marine x4  
  182  10:45  Siege Tank  
  185  10:50  Missile Turret, Command Center  
  185  10:52  Siege Tank  
  185  10:53  Medivac x2  
  192  11:03  Terran Infantry Armor Level 3  
  192  11:14  Barracks Tech Lab x3  
  192  11:16  Command Center  
  192  11:19  Marine, Siege Tank  
  192  11:20  Marine  
  187  11:34  Orbital Command  
  187  11:36  Marine  
  179  11:43  Marine x6  
  179  11:44  Marauder x4  
  173  11:51  Siege Tank  
  173  11:54  Medivac x2  
  177  12:00  Supply Depot  
  177  12:03  Supply Depot  
  177  12:05  SCV, Marauder x2  
  177  12:06  SCV x3, Marauder  
  177  12:08  Orbital Command  
  184  12:18  SCV x3  
  184  12:22  Factory Tech Lab  
  187  12:23  Siege Tank  
  187  12:24  Marauder, Marine x5  
  187  12:27  Marauder  
  199  12:31  Orbital Command  
  199  12:35  Command Center  
  195  12:39  Liberator  
  195  12:41  Marauder  
  192  12:45  Marauder x2, Marine x2  
  192  12:47  Siege Tank  
  197  12:51  Marauder, Marine  
  197  12:55  Siege Tank  
  197  12:57  SCV  
  197  12:58  SCV x2  
  192  12:59  SCV x2  
  192  13:02  Marauder  
  199  13:10  Neosteel Armor  
  199  13:16  Marauder  
  199  13:17  Marauder  
  199  13:19  Siege Tank  
  189  13:21  Command Center, Marauder  
  189  13:23  Missile Turret  
  189  13:25  Marauder  
  186  13:28  Marine x2, Siege Tank  
  186  13:34  Marine x4  
  189  13:38  Marauder x2  
  196  13:42  Marauder  
  196  13:46  Marauder  
  194  13:49  Marine  
  194  13:51  Siege Tank  
  194  13:53  Marine x2  
  194  13:54  Marine x3  
  194  13:55  Marine  
  200  14:07  Marine x2  
  200  14:08  Marauder  
  200  14:12  Orbital Command  
  196  14:22  Marauder  
  196  14:23  Marauder, Marine x3  
  200  14:50  Refinery  
  200  14:53  Refinery  
  200  14:55  Missile Turret  
  200  14:56  Missile Turret  
  200  14:57  Missile Turret  
  200  14:59  Missile Turret  
  200  15:12  Marauder  
  200  15:13  Marauder x2  
  200  15:14  Marauder, Marine x8  
  177  15:16  Siege Tank x2  
  171  15:26  Planetary Fortress  
  161  15:29  Medivac x2  
  161  15:31  Marine  
  161  15:32  Marine  
  161  15:33  Marauder  
  161  15:34  Marauder  
  161  15:35  Marauder x2  
  175  15:49  Marine x7  
  188  15:51  Refinery  
  188  15:53  Refinery  
  188  15:55  Marauder x2  
Show
View Real Time Build Order
Export as new Build Order

Reynor Zerg - Winner!

Build Orders: Hatch First, Lurkers 

Get SALT Encoding   

  12  0:00  Drone  
  13  0:12  Overlord  
  13  0:17  Drone  
  14  0:30  Drone  
  14  0:31  Drone  
  16  0:48  Hatchery  
  15  0:51  Drone  
  15  0:55  Drone  
  17  0:58  Drone  
  18  1:09  Extractor  
  17  1:14  Spawning Pool  
  17  1:16  Drone  
  17  1:20  Drone  
  18  1:28  Drone  
  19  1:39  Drone  
  20  2:00  Hatchery, Queen  
  22  2:01  Zergling x2  
  22  2:03  Zergling x2  
  23  2:11  Queen  
  23  2:14  Drone  
  26  2:19  Overlord  
  26  2:23  Drone  
  26  2:26  Drone  
  28  2:36  Metabolic Boost  
  28  2:38  Drone  
  28  2:42  Queen  
  31  2:47  Drone  
  31  2:50  Overlord  
  32  2:52  Drone  
  32  2:55  Drone  
  32  2:57  Drone  
  35  3:00  Drone  
  36  3:08  Drone  
  36  3:09  Drone  
  38  3:13  Queen  
  38  3:15  Drone  
  38  3:19  Pneumatized Carapace  
  41  3:23  Drone  
  41  3:24  Drone  
  41  3:26  Drone  
  44  3:30  Overlord  
  44  3:33  Drone  
  45  3:35  Zergling x2, Drone  
  45  3:37  Drone  
  48  3:42  Queen  
  50  3:50  Drone  
  50  3:52  Zergling x4, Overlord  
  50  3:55  Drone x3  
  56  3:59  Zergling x4  
  58  4:03  Overlord  
  58  4:11  Drone x3  
  58  4:12  Drone x3  
  58  4:14  Drone  
  65  4:17  Drone  
  65  4:22  Lair  
  65  4:24  Drone x4  
  70  4:27  Overlord  
  70  4:31  Queen  
  70  4:32  Extractor  
  70  4:36  Drone x2  
  73  4:39  Drone x2, Baneling Nest  
  73  4:45  Overlord  
  74  4:48  Drone x2  
  74  4:49  Drone  
  77  4:54  Drone x4  
  77  4:57  Extractor  
  77  4:58  Overlord  
  80  5:01  Hatchery, Zergling x2  
  80  5:02  Zergling x2  
  80  5:04  Zergling x4  
  83  5:08  Queen  
  83  5:10  Zergling x4  
  87  5:15  Evolution Chamber  
  87  5:16  Zergling x2, Evolution Chamber  
  87  5:19  Zergling x4  
  88  5:21  Zergling x2  
  88  5:22  Zergling x6  
  88  5:24  Centrifical Hooks  
  88  5:27  Zergling x4  
  88  5:28  Zergling x2  
  95  5:30  Overlord  
  95  5:34  Zergling x6  
  98  5:40  Zerg Ground Armor Level 1  
  98  5:43  Baneling x2  
  98  5:44  Baneling  
  98  5:50  Overlord  
  98  5:51  Baneling  
  98  5:53  Zergling x10  
  98  5:54  Zergling x4  
  98  5:56  Unknown  
  104  5:57  Drone x2  
  104  5:59  Overlord  
  104  6:03  Zerg Melee Weapons Level 1  
  104  6:04  Overlord  
  106  6:10  Zergling x2  
  106  6:11  Zergling x12  
  111  6:13  Queen, Drone  
  111  6:22  Drone x3  
  111  6:23  Drone x2  
  115  6:28  Drone x5  
  115  6:29  Drone x2  
  121  6:34  Drone x3  
  121  6:37  Baneling x4  
  121  6:38  Baneling x2  
  124  6:42  Zergling x4  
  124  6:43  Zergling x2  
  124  6:45  Hatchery  
  126  6:47  Baneling x2  
  126  6:48  Baneling x2  
  126  6:49  Baneling  
  126  6:50  Baneling x3  
  126  6:51  Drone x3  
  126  6:53  Zergling x8  
  133  6:55  Drone  
  133  6:58  Spore Crawler  
  133  7:00  Overlord  
  131  7:03  Baneling x4  
  131  7:11  Zergling x2  
  131  7:14  Overlord  
  128  7:20  Zergling x18  
  136  7:25  Hydralisk Den, Drone, Extractor  
  136  7:26  Drone  
  136  7:27  Overlord  
  136  7:28  Zergling x4  
  136  7:29  Zergling x2  
  134  7:33  Zergling x10  
  134  7:34  Zergling x2, Drone  
  134  7:35  Drone  
  139  7:45  Drone x2  
  139  7:46  Drone x2  
  139  7:47  Zerg Ground Armor Level 2, Extractor  
  139  7:48  Infestation Pit  
  139  7:49  Drone  
  142  7:51  Baneling x4  
  142  7:53  Drone x3  
  142  7:54  Zergling x2  
  142  7:56  Zergling x4  
  144  7:58  Extractor  
  144  8:00  Lurker Den  
  144  8:03  Drone x2  
  144  8:05  Zergling x10  
  149  8:07  Zergling x4  
  149  8:09  Baneling  
  149  8:10  Baneling x3  
  149  8:11  Overlord  
  150  8:14  Drone x3  
  150  8:16  Zerg Missile Weapons Level 1  
  150  8:18  Drone  
  150  8:19  Drone  
  155  8:22  Evolution Chamber  
  155  8:26  Baneling  
  151  8:32  Queen, Hydralisk x6  
  165  8:34  Overlord  
  165  8:35  Overlord x4  
  165  8:40  Hive  
  159  8:41  Zergling x16  
  159  8:44  Baneling x2  
  159  8:45  Baneling x6  
  166  8:48  Baneling x3  
  166  8:49  Baneling x2  
  166  8:51  Zergling x2  
  166  8:52  Zergling x8  
  166  8:55  Zergling x2  
  162  9:05  Zergling x8  
  162  9:08  Baneling  
  162  9:09  Baneling x5  
  165  9:10  Zergling x6  
  165  9:11  Zergling x16  
  165  9:16  Zergling x4  
  168  9:19  Hydralisk x2  
  161  9:24  Drone x2  
  161  9:25  Drone  
  161  9:27  Spore Crawler, Queen  
  161  9:29  Lurker x5, Extractor  
  161  9:30  Extractor  
  166  9:34  Drone x4  
  170  9:42  Zerg Melee Weapons Level 2, Lurker  
  170  9:44  Drone  
  172  9:51  Zergling x2  
  172  9:52  Zergling x22  
  184  9:54  Spore Crawler  
  184  9:55  Spine Crawler  
  184  9:56  Spine Crawler, Spore Crawler  
  184  9:58  Hatchery  
  177  10:01  Overlord  
  177  10:05  Viper x2  
  177  10:07  Zergling x18  
  185  10:10  Seismic Spines  
  188  10:15  Lurker  
  188  10:16  Lurker  
  190  10:22  Drone x3  
  190  10:23  Drone x2  
  190  10:25  Zergling x6  
  190  10:26  Zergling x2  
  190  10:27  Overlord  
  199  10:28  Zerg Ground Armor Level 3  
  199  10:37  Adrenal Glands  
  196  10:45  Zerg Missile Weapons Level 2  
  196  10:48  Drone x2  
  196  10:49  Drone  
  199  10:50  Zergling x2  
  199  10:54  Baneling x5  
  197  11:13  Baneling x3  
  197  11:14  Baneling x7  
  197  11:15  Baneling x6  
  197  11:17  Adaptive Talons  
  189  11:33  Zergling x30  
  189  11:35  Zergling x6  
  189  11:36  Zergling x4  
  198  11:41  Zergling x4  
  191  11:50  Zergling x28  
  195  11:56  Zergling x4  
  195  11:57  Zergling x6  
  199  12:03  Zerg Melee Weapons Level 3  
  199  12:08  Hatchery  
  198  12:16  Baneling  
  198  12:17  Zergling x2, Baneling x9  
  198  12:18  Zergling x2  
  200  12:27  Baneling x8  
  200  12:30  Baneling x5  
  200  12:34  Zergling x24  
  200  12:35  Zergling x2  
  193  12:39  Zergling x14  
  192  12:45  Zergling x22  
  192  12:46  Zergling x2  
  192  12:49  Baneling x3  
  200  12:54  Zergling x2  
  200  12:55  Zergling x2  
  185  13:14  Viper x2  
  185  13:17  Zergling x48  
  194  13:24  Zergling x10  
  197  13:29  Zerg Missile Weapons Level 3  
  197  13:32  Hydralisk  
  199  13:37  Baneling x3  
  199  13:44  Zergling x8  
  199  13:45  Unknown  
  199  13:47  Zergling x14  
  199  13:48  Zergling x2  
  200  13:49  Baneling x2  
  200  13:50  Baneling x4  
  190  14:04  Zergling x28  
  190  14:09  Zergling x14  
  200  14:12  Queen  
  200  14:16  Viper  
  198  14:18  Viper  
  198  14:22  Zergling x2  
  198  14:23  Zergling x2  
  200  14:30  Baneling x5  
  200  14:33  Baneling x3  
  200  14:34  Baneling  
  200  14:35  Baneling x4  
  199  14:41  Spire x2  
  199  14:45  Hatchery  
  196  14:46  Hatchery  
  196  14:51  Zergling x10  
  192  15:04  Zergling x18  
  196  15:12  Zergling x2, Hydralisk  
  196  15:13  Zergling x36  
  190  15:15  Zergling x8  
  190  15:18  Zergling x2  
  183  15:24  Hydralisk  
  184  15:28  Hydralisk x2  
  184  15:29  Zergling x10  
  184  15:35  Baneling x5  
  192  15:40  Zergling x12  
  197  15:44  Zergling x2  
  197  15:49  Zergling x8  
  198  15:56  Zergling x14  
Tags
 
Add a new tag
Caveats
  • Supply blocks, unpowered buildings, or Contaminate may cause inaccurate times.
  • Supply counts are checked every 10 seconds.